 Dungeon Crawl Stone Soup version 0.31.0-11-ge490571c62 (webtiles) character file.

Game seed: 15765755099046230069

246 Skitler the Ducker (level 6, -2/50 HPs)
             Began as a Gnoll Gladiator on Jan 28, 2024.
             Was an Initiate of Gozag.
             Incinerated by a bombardier beetle (3 damage)
             ... with a burning spray
             ... on level 4 of the Dungeon.
             The game lasted 00:04:42 (2473 turns).

Skitler the Ducker (Gnoll Gladiator)                Turns: 2473, Time: 00:04:43

Health: -2/50      AC: 10    Str: 15    XL:     6   Next: 11%
Magic:  8/8        EV: 11    Int:  8    God:    Gozag
Gold:   127        SH:  0    Dex: 13    Spells: 8/8 levels left

rFire   . . .        a - +0 trident
rCold   . . .        (no shield)
rNeg    . . .        m - +0 scale mail
rPois   .            c - +0 helmet
rElec   .            (no cloak)
rCorr   .            g - +2 pair of gloves
SInv    .            (no boots)
Will    .....        (no amulet) Stlth
                     (no ring)
HPRegen 0.28/turn    (no ring)
MPRegen 0.11/turn

%: no passive effects
@: brilliant, on fire, gold aura, glowing
A: fangs 2, strong nose, distributed training, inability to drink after injury 1
a: Renounce Religion, Potion Petition, Call Merchant, Bribe Branch


You were on level 4 of the Dungeon.
You worshipped Gozag.
Gozag was aware of your devotion.
You visited 1 branch of the dungeon, and saw 4 of its levels.

You collected 162 gold pieces.
You paid 35 gold pieces to Gozag.

Inventory:

Hand Weapons
 a - a +0 trident (weapon)
Missiles
 e - a javelin
Armour
 b - a +0 leather armour
 c - a +0 helmet (worn)
 g - a +2 pair of gloves (worn)
 m - a +0 scale mail (worn)
Jewellery
 p - a ring of see invisible
Scrolls
 f - a scroll of fog {unknown}
 h - a scroll of fear {unknown}
 i - 3 scrolls of identify {unknown}
 l - 2 scrolls of teleportation {unknown}
 o - a scroll of enchant armour {unknown}
Potions
 k - a potion of degeneration {unknown}
 n - a potion of enlightenment {unknown}
 q - a potion of brilliance


   Skills:
 + Level 4.9 Fighting
 + Level 1.9 Short Blades
 + Level 1.9 Long Blades
 + Level 1.9 Axes
 + Level 1.9 Maces & Flails
 + Level 6.8 Polearms
 + Level 1.9 Staves
 + Level 1.9 Ranged Weapons
 + Level 4.9 Throwing
 + Level 1.9 Armour
 + Level 6.8 Dodging
 + Level 1.9 Stealth
 + Level 1.9 Shields
 + Level 1.9 Unarmed Combat
 + Level 1.9 Spellcasting
 + Level 1.5 Conjurations
 + Level 1.5 Hexes
 + Level 1.5 Summonings
 + Level 1.5 Necromancy
 + Level 1.5 Translocations
 + Level 1.5 Fire Magic
 + Level 1.5 Ice Magic
 + Level 1.5 Air Magic
 + Level 1.5 Earth Magic
 + Level 1.5 Alchemy
 + Level 2.1 Invocations
 + Level 1.9 Evocations
 + Level 1.7 Shapeshifting


You had 8 spell levels left.
You didn't know any spells.
Your spell library contained the following spells:

 Spells                   Type           Power      Damage    Failure   Level
 Freeze                   Ice            16%        1d4       61%         1
 Frozen Ramparts          Ice            8%         1d2       93%         3
 Hailstorm                Conj/Ice       4%         3d5       93%         3


Dungeon Overview and Level Annotations

Branches:
Dungeon (4/15)
 Temple: D:4-7

Altars:
Elyvilon
Gozag


Innate Abilities, Weirdness & Mutations

You have extremely sharp teeth.
Your uncanny sense of smell can sniff out nearby items.
Your experience applies equally to all skills.
You occasionally lose the ability to drink potions when taking damage.


Message History

The bombardier beetle sprays incendiary fluid at you.
The burning spray hits you.
You are even more covered in liquid fire!
Throw: throwing net
Press: ? - help, Q - select action, (/) - cycle Shift-Dir - straight line, f/p - bombardier beetle
Aim: a bombardier beetle (heavily wounded, 70% to hit)
You throw a throwing net.
The throwing net hits the bombardier beetle.
The bombardier beetle is caught in the net!
The bombardier beetle is heavily wounded.
The liquid fire burns you!
You puncture the bombardier beetle!
You bite the bombardier beetle, but do no damage.
The bombardier beetle is almost dead.
The liquid fire burns you!
The bombardier beetle struggles against the net.
You hit the bombardier beetle.
You kill the bombardier beetle!
The liquid fire burns you!
You have reached level 6!
Unknown command.
You shake off some of the fire as you move.
The liquid fire burns you!
* * * LOW HITPOINT WARNING * * *
You shake off some of the fire as you move.
The liquid fire burns you!
* * * LOW HITPOINT WARNING * * *
You shake off some of the fire as you move.
The liquid fire burns you!
* * * LOW HITPOINT WARNING * * *
It was a potion of brilliance.
You feel clever all of a sudden. The liquid fire burns you!
* * * LOW HITPOINT WARNING * * *
It was a potion of mutation.
You feel extremely strange.
You occasionally lose the ability to drink potions when taking damage.
Your teeth lengthen and sharpen some more.
The liquid fire burns you!
You die...
Your body crumbles into a pile of gold.

.. ....... ...#
..... ..#..[...
... ... ####.....
......#.#
.......$# #..#.###
∆ #.##..@#
#.####.# # ##
#.#....#.#.. #..
#.#...........
#...#.#......###..
#....<..........
#.#.#.#..####### #
#.#..# .....#


There were no monsters in sight!

Vanquished Creatures
  A scorpion (D:3)
  A bombardier beetle (D:4)
  Jessica (D:3)
  5 adders
  2 ribbon worms
  2 dart slugs (D:2)
  5 orcs
  5 ball pythons
  A bat (D:3)
  5 endoplasms
  3 giant cockroaches
  5 goblins
  7 hobgoblins
  8 jackals
  4 frilled lizards
  2 kobolds
  6 rats
63 creatures vanquished.

Vanquished Creatures (others)
  A ghoul (D:1)
  A demonspawn (D:1)
  A draconian (D:1)
  An octopode (D:1)
  An armataur (D:1)
  A merfolk (D:1)
  2 vampires (D:1)
  A naga (D:1)
  A demigod (D:1)
  A mummy (D:1)
  A kobold (D:1)
  4 tentacles (D:1)
16 creatures vanquished.

Grand Total: 79 creatures vanquished

Notes
Turn   | Place    | Note
-------+----------+-------------------------------------------
     0 | D:1      | Skitler the Gnoll Gladiator began the quest for the Orb.
     0 | D:1      | Reached XP level 1. HP: 20/20 MP: 1/1
     0 | D:1      | Noticed a draconian
     0 | D:1      | Noticed a naga
     0 | D:1      | Noticed a demonspawn
     0 | D:1      | Noticed a vampire
     0 | D:1      | Noticed an armataur
     0 | D:1      | Noticed a merfolk
     0 | D:1      | Noticed a kraken
     0 | D:1      | Noticed a demigod
     0 | D:1      | Noticed a vampire
     0 | D:1      | Noticed an octopode
     0 | D:1      | Noticed a ghoul
     6 | D:1      | Killed an armataur
     8 | D:1      | Killed an octopode
     8 | D:1      | Killed a merfolk
    10 | D:1      | Killed a vampire
    13 | D:1      | Killed a ghoul
    14 | D:1      | Killed a naga
    15 | D:1      | Killed a draconian
    15 | D:1      | Killed a demigod
    16 | D:1      | Killed a vampire
    18 | D:1      | Killed a demonspawn
   263 | D:1      | Reached XP level 2. HP: 21/26 MP: 2/2
   874 | D:2      | Reached XP level 3. HP: 31/31 MP: 3/3
   884 | D:2      | Reached skill level 1 in Invocations
  1011 | D:2      | Reached skill level 1 in Short Blades
  1011 | D:2      | Reached skill level 1 in Long Blades
  1011 | D:2      | Reached skill level 1 in Axes
  1011 | D:2      | Reached skill level 1 in Maces & Flails
  1011 | D:2      | Reached skill level 1 in Staves
  1011 | D:2      | Reached skill level 1 in Ranged Weapons
  1011 | D:2      | Reached skill level 1 in Armour
  1011 | D:2      | Reached skill level 1 in Stealth
  1011 | D:2      | Reached skill level 1 in Shields
  1011 | D:2      | Reached skill level 1 in Unarmed Combat
  1011 | D:2      | Reached skill level 1 in Spellcasting
  1011 | D:2      | Reached skill level 1 in Evocations
  1027 | D:2      | Reached skill level 1 in Shapeshifting
  1027 | D:2      | Reached XP level 4. HP: 38/38 MP: 5/5
  1554 | D:2      | Reached skill level 1 in Conjurations
  1554 | D:2      | Reached skill level 1 in Hexes
  1554 | D:2      | Reached skill level 1 in Summonings
  1554 | D:2      | Reached skill level 1 in Necromancy
  1554 | D:2      | Reached skill level 1 in Translocations
  1554 | D:2      | Reached skill level 1 in Fire Magic
  1554 | D:2      | Reached skill level 1 in Ice Magic
  1554 | D:2      | Reached skill level 1 in Air Magic
  1554 | D:2      | Reached skill level 1 in Earth Magic
  1554 | D:2      | Reached skill level 1 in Alchemy
  1808 | D:3      | Noticed Jessica
  1816 | D:3      | Killed Jessica
  1817 | D:3      | Reached XP level 5. HP: 26/43 MP: 5/7
  1900 | D:3      | Found a white marble altar of Elyvilon.
  2211 | D:3      | Found an opulent altar of Gozag.
  2254 | D:3      | Became a worshipper of Gozag Ym Sagoz the Greedy
  2469 | D:4      | Reached XP level 6. HP: 18/50 MP: 8/8
  2472 | D:4      | HP: 1/50 [burnt (5)]
  2473 | D:4      | Gained mutation: You occasionally lose the ability to drink
                  | potions when taking damage. [potion of mutation]
  2473 | D:4      | Gained mutation: You have extremely sharp teeth. [potion of
                  | mutation]
  2473 | D:4      | Incinerated by a bombardier beetle

Illustrated notes

Levels and vault maps discovered:
D:1:      nicolae_arrival_kraken_aquarium_a, layout_loops_ring
D:2:      layout_basic, serial_bayou, serial_bayou_shore_a, serial_bayou_pond_e,
          serial_bayou_pond_b, serial_bayou_pond_d, serial_bayou_pond_d,
          serial_bayou_pond_b, hangedman_abyss_or_decor_lesser_grid,
          minmay_misc_feat_enclosed, feat_on_display
D:3:      layout_rooms, elyvilon_altar_5, nicolae_gozag_seed_capital,
          uniq_jessica
D:4:      layout_basic

Skill      XL: |  1  2  3  4  5 |
---------------+----------------+-----
Invocations    | 1 2 |  2.1
Short Blades   | 1 |  1.9
Long Blades    | 1 |  1.9
Axes           | 1 |  1.9
Maces & Flails | 1 |  1.9
Staves         | 1 |  1.9
Ranged Weapons | 1 |  1.9
Armour         | 1 |  1.9
Stealth        | 1 |  1.9
Shields        | 1 |  1.9
Unarmed Combat | 1 |  1.9
Spellcasting   | 1 |  1.9
Evocations     | 1 |  1.9
Shapeshifting  | 1 |  1.7
Conjurations   | 1 |  1.5
Hexes          | 1 |  1.5
Summonings     | 1 |  1.5
Necromancy     | 1 |  1.5
Translocations | 1 |  1.5
Fire Magic     | 1 |  1.5
Ice Magic      | 1 |  1.5
Air Magic      | 1 |  1.5
Earth Magic    | 1 |  1.5
Alchemy        | 1 |  1.5
Fighting       | |  4.9
Polearms       | |  6.8
Throwing       | |  4.9
Dodging        | |  6.8

Action                     |  1- 3 |  4- 6 || total
---------------------------+-------+-------++-------
  Melee: Trident           |    96 |   152 ||   248
         Bite              |     4 |    16 ||    20
         Punch             |     2 |     2 ||     4
  Throw: Throwing net      |       |     4 ||     4
    Use: Potion            |       |     2 ||     2
   Stab: Sleeping          |     3 |     3 ||     6
 Armour: Leather armour    |    43 |    43 ||    86
         Scale mail        |       |    46 ||    46
  Dodge: Dodged            |    59 |   109 ||   168
